 Dungeon Crawl Stone Soup version 0.23-a0-338-g8ff0b24 (webtiles) character file.

3462 MisterFreud the Grappler (level 9, -14/80 HPs)
             Began as a Troll Monk on Oct 18, 2018.
             Was a Believer of Cheibriados.
             Demolished by a two-headed ogre
             ... wielding a +0 giant club
              (18 damage)
             ... on level 8 of the Dungeon.
             The game lasted 00:19:28 (7619 turns).

MisterFreud the Grappler (Troll Monk)               Turns: 7619, Time: 00:19:28

Health: -14/80     AC:  6    Str: 26    XL:     9   Next: 78%
Magic:  11/11      EV: 11    Int: 14    God:    Cheibriados [**....]
Gold:   316        SH:  0    Dex: 17    Spells: 8/8 levels left

rFire    + . .     SeeInvis .     - Unarmed
rCold    + . .     Gourm    +   (no shield)
rNeg     . . .     Faith    .   a - +1 robe
rPois    .         Spirit   .   (helmet restricted)
rElec    .         Reflect  .   (no cloak)
rCorr    .         Harm     .   (gloves unavailable)
MR       .....                  (boots unavailable)
Stlth    ++........             (no amulet)
HPRegen  0.63/turn              j - ring of protection from fire
MPRegen  0.12/turn              n - ring of protection from cold

@: very slow
A: large, unfitting armour, claws 3, fast metabolism 3, gourmand, regeneration
1, shaggy fur 1, tough skin 2
a: Bend Time, Renounce Religion


You were on level 8 of the Dungeon.
You worshipped Cheibriados.
Cheibriados was pleased with you.
You were very full.

You visited 2 branches of the dungeon, and saw 9 of its levels.

You collected 316 gold pieces.

Inventory:

Missiles
 c - 203 stones
 m - 10 tomahawks (quivered)
 v - a throwing net
Armour
 a - a +1 robe (worn)
Jewellery
 j - a ring of protection from fire (left claw)
 n - a ring of protection from cold (right claw)
 s - an uncursed ring of positive energy
Wands
 h - a wand of iceblast (7)
Scrolls
 e - a scroll of amnesia {unknown}
 i - 2 scrolls of fog
 k - 2 scrolls of blinking {unknown}
 l - a scroll of teleportation
 q - a scroll of random uselessness {unknown}
 r - 3 scrolls of enchant weapon
 x - 2 scrolls of magic mapping {unknown}
 y - 2 scrolls of noise {unknown}
 A - a scroll of remove curse
Potions
 d - a potion of mutation {unknown}
 f - 3 potions of curing
 g - 4 potions of resistance
 o - a potion of magic
 p - a potion of brilliance {unknown}
 u - a potion of invisibility {unknown}
 w - a potion of might {unknown}
Comestibles
 b - 15 rations


   Skills:
 - Level 2.4 Fighting
 - Level 6.0 Throwing
 - Level 2.4 Dodging
 - Level 1.0 Stealth
 - Level 10.0 Unarmed Combat
 + Level 4.8 Invocations
 + Level 4.0 Evocations


You had 8 spell levels left.
You didn't know any spells.
Your spell library was empty.

Dungeon Overview and Level Annotations

Branches:
Dungeon (8/15)             Temple (1/1) D:7
   Lair: D:8-11

Altars:
Ashenzari
Cheibriados
Dithmenos
Elyvilon
Fedhas
Gozag
Hepliaklqana
Kikubaaqudgha
Nemelex Xobeh
Okawaru
Qazlal
Ru
Sif Muna
Trog
Uskayaw
Vehumet
Xom
Yredelemnul
Zin
The Shining One

Annotations:
D:7 exclusion: downstairs
D:8 Gastronok


Innate Abilities, Weirdness & Mutations

You are too large for most types of armour.
You have claws for hands.
Your metabolism is lightning-fast.
You like to eat raw meat.
Your natural rate of healing is unusually fast.
You are covered in fur. (AC +1)
You have very tough skin. (AC +2)


Message History

The two-headed ogre hits you with a +0 giant club!
The two-headed ogre hits you with a +0 giant club!!
* * * LOW HITPOINT WARNING * * *
You feel much better.
The two-headed ogre hits you with a +0 giant club!
The two-headed ogre barely misses you.
You scratch the two-headed ogre but do no damage.
The two-headed ogre is heavily wounded.
You claw the two-headed ogre!
The two-headed ogre is severely wounded.
The two-headed ogre hits you with a +0 giant club!
* * * LOW HITPOINT WARNING * * *
The two-headed ogre hits you with a +0 giant club!!
* * * LOW HITPOINT WARNING * * *
Okay, then.
As you read the scroll labeled WISUUGHYERA, it crumbles to dust.
It is a scroll of enchant weapon.
You aren't carrying any weapons that can be enchanted.
The two-headed ogre hits you with a +0 giant club!!
You die...

.#.#.......#.#.#.#.#.#..#.#####.#
..#+....)..+#.#.#.#.#............
.#.#.......#.#.#.#.#.#..#.###.#.#
#.#.....#+#.#.#.#.#.#.......O....
.#.#.#+#.#.#.#.#.#.#.#..#........
#.#.#.#.#.#.#.#.#.#.#...#####.#.#
.#.#.#.#.#.#.#.#.#.#(#..# # #
#.#.#.#.#.#.#.#.#.#.#...# .. #
..............#.@O..#...# ..#.#
...............)..###............
...#.#..#######...# #...#.#.#.#.#
.###.#).# #...# #.#.#.#.#.#.#
...#.#..# #...###.#.# #.#.#.#
.#.#.#..# #.........#.#.#.#.#
.....#.## #.#.#####.#.#.#.#.#
.#.#.# #.#.# #.......... .....#
#######.#.# #.###..####


You could see a two-headed ogre.

Vanquished Creatures
  Erica (D:8)
  Joseph (D:8)
  A hungry ghost (D:7)
  Menkaure (D:7)
  A phantom (D:6)
  A sky beast (D:6)
  2 orc warriors
  2 ice beasts
  4 ogres
  A necrophage (D:6)
  A centaur (D:6)
  5 bullfrogs
  2 scorpions (D:6)
  4 howler monkeys
  3 crimson imps (D:8)
  A bullfrog zombie (D:6)
  3 orc priests
  An iguana (D:6)
  2 worker ants
  5 orc wizards
  A hound skeleton (D:5)
  2 worker ant zombies
  A gnoll (D:1)
  A howler monkey skeleton (D:7)
  7 adders
  An ooze (D:1)
  An adder skeleton (D:5)
  3 worms
  2 dart slugs
  2 leopard geckos
  24 orcs
  2 ball pythons (D:2)
  5 giant cockroaches
  3 goblins
  12 hobgoblins
  18 jackals
  6 bats
  4 frilled lizards
  3 kobolds
  A leopard gecko skeleton (D:5)
  A quokka skeleton (D:4)
  8 rats
150 creatures vanquished.

Vanquished Creatures (others)
  A fungus (D:4)
  7 plants (D:8)
8 creatures vanquished.

Grand Total: 158 creatures vanquished

Notes
Turn   | Place    | Note
-------+----------+-------------------------------------------
     0 | D:1      | MisterFreud the Troll Monk began the quest for the Orb.
     0 | D:1      | Reached XP level 1. HP: 22/22 MP: 0/0
   618 | D:1      | Reached XP level 2. HP: 29/29 MP: 1/1
   785 | D:1      | Reached skill level 4 in Unarmed Combat
   785 | D:1      | Reached XP level 3. HP: 26/36 MP: 2/2
  1323 | D:2      | Found a basalt altar of Yredelemnul.
  2326 | D:3      | Reached skill level 5 in Unarmed Combat
  2326 | D:3      | Reached XP level 4. HP: 19/44 MP: 3/3
  2545 | D:3      | Found a radiant altar of Vehumet.
  2603 | D:3      | Found a glowing golden altar of the Shining One.
  2818 | D:3      | Reached XP level 5. HP: 37/50 MP: 4/4
  3012 | D:4      | Noticed an ogre
  3190 | D:4      | Reached skill level 6 in Unarmed Combat
  3283 | D:4      | Noticed an ogre
  3312 | D:4      | Noticed an ogre
  3320 | D:4      | Killed an ogre
  3320 | D:4      | Reached XP level 6. HP: 17/59 MP: 5/5
  3515 | D:4      | Reached skill level 7 in Unarmed Combat
  3884 | D:4      | Found a sacrificial altar of Ru.
  3946 | D:5      | Entered Level 5 of the Dungeon
  4107 | D:5      | Reached skill level 8 in Unarmed Combat
  4165 | D:5      | Reached XP level 7. HP: 66/66 MP: 6/6
  4269 | D:5      | Found a white marble altar of Elyvilon.
  4688 | D:6      | Reached skill level 1 in Throwing
  4995 | D:6      | Reached XP level 8. HP: 62/74 MP: 7/7
  5076 | D:6      | Reached skill level 9 in Unarmed Combat
  5564 | D:6      | Reached skill level 5 in Throwing
  5944 | D:6      | Reached skill level 10 in Unarmed Combat
  6140 | D:7      | Found a staircase to the Ecumenical Temple.
  6156 | Temple   | Entered the Ecumenical Temple
  6255 | Temple   | Became a worshipper of Cheibriados the Contemplative
  6255 | Temple   | Reached * piety under Cheibriados
  6255 | Temple   | Reached ** piety under Cheibriados
  6406 | D:7      | Reached skill level 1 in Invocations
  6406 | D:7      | Reached XP level 9. HP: 80/80 MP: 8/8
  6447 | D:7      | Reached skill level 1 in Evocations
  6500 | D:7      | Noticed Menkaure
  6509 | D:7      | Killed Menkaure
  6608 | D:7      | Found an ancient bone altar of Kikubaaqudgha.
  7147 | D:8      | Noticed Gastronok
  7172 | D:8      | Noticed Joseph
  7178 | D:8      | Killed Joseph
  7378 | D:8      | Noticed Erica
  7381 | D:8      | Noticed a two-headed ogre
  7385 | D:8      | Killed Erica
  7618 | D:8      | HP: 3/80 [two-headed ogre/+0 giant club (18)]
  7619 | D:8      | Demolished by a two-headed ogre

Vault maps used:
D:1:      dpeg_arrival_tiny_h, minmay_split_cup_small
D:2:      lemuel_crystal_altar, first_ration, grunt_ministairs_3, st_stairs_3
D:3:      lemuel_coloured_pillars_altar, serial_glass, glass_columns_a,
          glass_columns_a, glass_columns_c, glass_columns_b, tso_metal_star
D:4:      nicolae_ru_the_path_less_chosen
D:5:      marbit_many_paths
D:7:      old_standard_altar, minmay_temple_entry_overgrown, uniq_menkaure
D:8:      david_lair_shrubbed, the_bakery, minmay_misc_feat_rows, uniq_joseph,
          uniq_harold, uniq_gastronok, uniq_erica
Temple:   eino_temple_scatter_basement

Skill      XL: |  1  2  3  4  5  6  7  8  9 |
---------------+----------------------------+-----
Unarmed Combat | 4 5 6 8 10 | 10.0
Throwing       | 3 6 |  6.0
Invocations    | 1 4 |  4.8
Evocations     | 4 |  4.0
Fighting       | |  2.4
Dodging        | |  2.4
Stealth        | |  1.0

Action                   |  1- 3 |  4- 6 |  7- 9 || total
-------------------------+-------+-------+-------++-------
Melee: Unarmed           |   100 |   103 |   226 ||   429
       Punch             |       |     4 |     9 ||    13
Throw: Tomahawk          |       |     2 |     5 ||     7
  Use: Scroll            |     6 |     4 |     5 ||    15
       Potion            |       |     3 |     3 ||     6
 Stab: Sleeping          |       |     2 |     2 ||     4
  Eat: Chunk             |    27 |    14 |    28 ||    69
Armor: Robe              |    43 |    24 |    53 ||   120
Dodge: Dodged            |    54 |    30 |    79 ||   163

Table legend:
 A = Non-vault XP
 B = Vault XP
 C = Vault XP percentage of total XP
 D = Non-vault monster count
 E = Vault monster count
 F = Vault count percentage of total count
                 A         B        C        D         E       F
            +---------+---------+-------+---------+---------+-------
      Total |    3420 |    1526 |  30.9 |     140 |      10 |   6.7
            +---------+---------+-------+---------+---------+-------
        D:1 |      32 |      19 |  37.3 |      16 |       3 |  15.8
        D:2 |      16 |      16 |  50.0 |      10 |       3 |  23.1
        D:3 |     120 |       0 |   0.0 |      31 |       0 |   0.0
        D:4 |     489 |       0 |   0.0 |      16 |       0 |   0.0
        D:5 |     174 |       5 |   2.8 |       8 |       1 |  11.1
        D:6 |    1591 |       0 |   0.0 |      40 |       0 |   0.0
        D:7 |     775 |     172 |  18.2 |      11 |       1 |   8.3
        D:8 |     223 |    1314 |  85.5 |       8 |       2 |  20.0
            +---------+---------+-------+---------+---------+-------
